PA
PUT-IN-BAY BC @ GWINNETT COUNTY BLACK CATS
07/17/2020
 
TOP OF THE 1ST
Put-In-Bay BC batting - Pitching for Gwinnett County Black Cats : RHP Jorge Silverstro
Pitching: RHP Jorge Silverstro
Batting: RHB Tim Burnett 0-0: Foul Ball, location: 2F
0-1: Foul Ball, location: 2F
0-2: Foul Ball, location: 2F
0-2: Ball
1-2: SINGLE (Groundball, 5D)
Batting: LHB José Ortega 0-0: Ball
1-0: Ball
2-0: Ball
3-0: Called Strike
3-1: Fly out, F7 (Flyball, 78M)
Batting: RHB Pil-joong Pak 0-0: Ball
1-0: Ball
2-0: SINGLE (Line Drive, 4MD)
Tim Burnett to second
Batting: LHB Yannick Hendriksen 0-0: Ball
Tim Burnett steals 3rd base
Pil-joong Pak to second
1-0: Ball
2-0: Called Strike
2-1: Ball
3-1: Fly out, F6 (Popup, 56D)
Batting: RHB Pedro Pérez 0-0: Foul Ball, location: 2F
0-1: Ball
1-1: Foul Ball, location: 2F
1-2: Foul Ball, location: 2F
1-2: Foul Ball, location: 2F
1-2: Strikes out swinging
Top of the 1st over - 0 run(s), 2 hit(s), 0 error(s), 2 left on base; Put-In-Bay 0 - Gwinnett County 0
BOTTOM OF THE 1ST
Gwinnett County Black Cats batting - Pitching for Put-In-Bay BC : RHP Jaime Venditti
Pitching: RHP Jaime Venditti
Batting: SHB Chris Murray 0-0: Ball
1-0: Ground out 4-3 (Groundball, 4)
Batting: RHB Ernesto Fernández 0-0: Swinging Strike
0-1: Foul Ball, location: 2F
0-2: Ball
1-2: Ground out 5-3 (Groundball, 56)
Batting: LHB Kent Roberts 0-0: Called Strike
0-1: Swinging Strike
0-2: Strikes out swinging
Bottom of the 1st over - 0 run(s), 0 hit(s), 0 error(s), 0 left on base; Put-In-Bay 0 - Gwinnett County 0
TOP OF THE 2ND
Put-In-Bay BC batting - Pitching for Gwinnett County Black Cats : RHP Jorge Silverstro
Batting: RHB Eddie Davis 0-0: Foul Ball, location: 2F
0-1: Foul Ball, location: 2F
0-2: Ball
1-2: Ball
2-2: Foul Ball, location: 2F
2-2: Foul Ball, location: 2F
2-2: Fly out, F7 (Flyball, 7D)
Batting: RHB Jim Unknown 0-0: Foul Ball, location: 2F
0-1: Swinging Strike
0-2: Fly out, F6 (Popup, 6)
Batting: LHB Felipe Martínez 0-0: Called Strike
0-1: Foul Ball, location: 2F
0-2: Strikes out looking
Top of the 2nd over - 0 run(s), 0 hit(s), 0 error(s), 0 left on base; Put-In-Bay 0 - Gwinnett County 0
BOTTOM OF THE 2ND
Gwinnett County Black Cats batting - Pitching for Put-In-Bay BC : RHP Jaime Venditti
Batting: RHB Luis Hernández 0-0: Called Strike
0-1: Ball
1-1: Foul Ball, location: 2F
1-2: Ball
2-2: Strikes out swinging
Batting: RHB Daniel Ybarra 0-0: Foul Ball, location: 2F
0-1: Foul Ball, location: 2F
0-2: Foul Ball, location: 2F
0-2: Ball
1-2: Ball
2-2: Strikes out swinging
Batting: SHB Jim Unknown 0-0: Fly out, F6 (Popup, 56D)
Bottom of the 2nd over - 0 run(s), 0 hit(s), 0 error(s), 0 left on base; Put-In-Bay 0 - Gwinnett County 0
TOP OF THE 3RD
Put-In-Bay BC batting - Pitching for Gwinnett County Black Cats : RHP Jorge Silverstro
Batting: RHB Ken Little 0-0: Ball
1-0: Called Strike
1-1: Swinging Strike
1-2: Ground out 5-3 (Groundball, 5)
Batting: RHB Tim Burnett 0-0: Ball
1-0: Foul Ball, location: 2F
1-1: Called Strike
1-2: Fly out, F9 (Flyball, 89S)
Batting: LHB José Ortega 0-0: Ball
1-0: Called Strike
1-1: Ball
2-1: Ball
3-1: Foul Ball, location: 2F
3-2: Strikes out looking
Top of the 3rd over - 0 run(s), 0 hit(s), 0 error(s), 0 left on base; Put-In-Bay 0 - Gwinnett County 0
BOTTOM OF THE 3RD
Gwinnett County Black Cats batting - Pitching for Put-In-Bay BC : RHP Jaime Venditti
Batting: RHB Luis Dávila 0-0: Ball
1-0: Ground out 5-3 (Groundball, 56S)
Batting: RHB Jim Unknown 0-0: Foul Ball, location: 2F
0-1: Swinging Strike
0-2: Foul Ball, location: 2F
0-2: Foul Ball, location: 2F
0-2: Foul Ball, location: 2F
0-2: Ground out 4-3 (Groundball, 4)
Batting: RHB Jim Unknown 0-0: Ball
1-0: Ground out 5-3 (Groundball, 5)
Bottom of the 3rd over - 0 run(s), 0 hit(s), 0 error(s), 0 left on base; Put-In-Bay 0 - Gwinnett County 0
TOP OF THE 4TH
Put-In-Bay BC batting - Pitching for Gwinnett County Black Cats : RHP Jorge Silverstro
Batting: RHB Pil-joong Pak 0-0: Ball
1-0: Called Strike
1-1: Foul Ball, location: 2F
1-2: Reached on error, E5 (Groundball, 56S)
Batting: LHB Yannick Hendriksen 0-0: Called Strike
0-1: SINGLE (Groundball, 5D)
Pil-joong Pak to second
Batting: RHB Pedro Pérez 0-0: Ball
1-0: SINGLE (Line Drive, 7LM)
Pil-joong Pak to third
Yannick Hendriksen to second
Batting: RHB Eddie Davis 0-0: Fly out, F3 (Popup, 4)
Batting: RHB Jim Unknown 0-0: Foul Ball, location: 2F
0-1: Called Strike
0-2: Foul Ball, location: 2F
0-2: Foul Ball, location: 2F
0-2: Fly out, F6 (Popup, 6M)
Batting: LHB Felipe Martínez 0-0: Foul Ball, location: 2F
0-1: Fly out, F8 (Line Drive, 8RM)
Top of the 4th over - 0 run(s), 2 hit(s), 1 error(s), 3 left on base; Put-In-Bay 0 - Gwinnett County 0
BOTTOM OF THE 4TH
Gwinnett County Black Cats batting - Pitching for Put-In-Bay BC : RHP Jaime Venditti
Batting: SHB Chris Murray 0-0: Ball
1-0: Foul Ball, location: 2F
1-1: Ball
2-1: Ball
3-1: Foul Ball, location: 2F
3-2: Strikes out looking
Batting: RHB Ernesto Fernández 0-0: Called Strike
0-1: Foul Ball, location: 2F
0-2: Strikes out looking
Batting: LHB Kent Roberts 0-0: Called Strike
0-1: Swinging Strike
0-2: Foul Ball, location: 2F
0-2: Foul Ball, location: 2F
0-2: Fly out, F4 (Popup, 3D)
Bottom of the 4th over - 0 run(s), 0 hit(s), 0 error(s), 0 left on base; Put-In-Bay 0 - Gwinnett County 0
TOP OF THE 5TH
Put-In-Bay BC batting - Pitching for Gwinnett County Black Cats : RHP Jorge Silverstro
Batting: RHB Ken Little 0-0: Ball
1-0: Called Strike
1-1: Called Strike
1-2: Strikes out swinging
Batting: RHB Tim Burnett 0-0: Foul Ball, location: 2F
0-1: Foul Ball, location: 2F
0-2: Ground out 6-3 (Groundball, 6MS)
Batting: LHB José Ortega 0-0: Ball
1-0: Ball
2-0: Swinging Strike
2-1: Ball
3-1: Foul Ball, location: 2F
3-2: Strikes out looking
Top of the 5th over - 0 run(s), 0 hit(s), 0 error(s), 0 left on base; Put-In-Bay 0 - Gwinnett County 0
BOTTOM OF THE 5TH
Gwinnett County Black Cats batting - Pitching for Put-In-Bay BC : RHP Jaime Venditti
Batting: RHB Luis Hernández 0-0: Ball
1-0: Swinging Strike
1-1: Foul Ball, location: 2F
1-2: Ball
2-2: Ball
3-2: Foul Ball, location: 2F
3-2: Foul Ball, location: 2F
3-2: Ground out 6-3 (Groundball, 6)
Batting: RHB Daniel Ybarra 0-0: Ball
1-0: Foul Ball, location: 2F
1-1: SINGLE (Flyball, 8LS)
Batting: SHB Jim Unknown 0-0: Called Strike
0-1: Swinging Strike
0-2: Ball
1-2: Ball
2-2: Grounds into double play, U6-3 (Groundball, 6M)
Bottom of the 5th over - 0 run(s), 1 hit(s), 0 error(s), 0 left on base; Put-In-Bay 0 - Gwinnett County 0
TOP OF THE 6TH
Put-In-Bay BC batting - Pitching for Gwinnett County Black Cats : RHP Jorge Silverstro
Batting: RHB Pil-joong Pak 0-0: Called Strike
0-1: Ball
1-1: Foul Ball, location: 2F
1-2: Strikes out swinging, 2-3 out at first.
Batting: LHB Yannick Hendriksen 0-0: Ball
1-0: Called Strike
1-1: Fly out, F8 (Flyball, 8LD)
Batting: RHB Pedro Pérez 0-0: Ball
1-0: Called Strike
1-1: Ground out 6-3 (Groundball, 6M)
Top of the 6th over - 0 run(s), 0 hit(s), 0 error(s), 0 left on base; Put-In-Bay 0 - Gwinnett County 0
BOTTOM OF THE 6TH
Gwinnett County Black Cats batting - Pitching for Put-In-Bay BC : RHP Jaime Venditti
Batting: RHB Luis Dávila 0-0: Bunt for hit - play at first, batter OUT! 5-3
Batting: RHB Jim Unknown 0-0: Ball
1-0: Called Strike
1-1: Ball
2-1: Called Strike
2-2: Ball
3-2: Foul Ball, location: 2F
3-2: Base on Balls
Batting: RHB Jim Unknown 0-0: Grounds into double play, U6-3 (Groundball, 6)
Bottom of the 6th over - 0 run(s), 0 hit(s), 0 error(s), 0 left on base; Put-In-Bay 0 - Gwinnett County 0
TOP OF THE 7TH
Put-In-Bay BC batting - Pitching for Gwinnett County Black Cats : RHP Jorge Silverstro
Batting: RHB Eddie Davis 0-0: Called Strike
0-1: Ball
1-1: Ball
2-1: Foul Ball, location: 2F
2-2: Foul Ball, location: 2F
2-2: Ground out 6-3 (Groundball, 6)
Batting: RHB Jim Unknown 0-0: Called Strike
0-1: Swinging Strike
0-2: Ball
1-2: Ball
2-2: Ball
3-2: Base on Balls
Batting: LHB Felipe Martínez 0-0: Ball
1-0: Foul Ball, location: 2F
1-1: Called Strike
1-2: Strikes out swinging
Batting: RHB Ken Little 0-0: Ball
1-0: Foul Ball, location: 2F
1-1: Called Strike
1-2: Hit by Pitch
Jim Unknown to second
Batting: RHB Tim Burnett 0-0: Called Strike
0-1: Fly out, F8 (Flyball, 8LM)
Top of the 7th over - 0 run(s), 0 hit(s), 0 error(s), 2 left on base; Put-In-Bay 0 - Gwinnett County 0
BOTTOM OF THE 7TH
Gwinnett County Black Cats batting - Pitching for Put-In-Bay BC : RHP Jaime Venditti
Batting: SHB Chris Murray 0-0: Called Strike
0-1: Foul Ball, location: 2F
0-2: Ball
1-2: Strikes out looking
Pinch Hitting: RHB Jim Unknown 0-0: Called Strike
0-1: Ball
1-1: Swinging Strike
1-2: Ball
2-2: Ball
3-2: Base on Balls
Batting: LHB Kent Roberts 0-0: Ball
1-0: Ball
2-0: Called Strike
2-1: Called Strike
2-2: Ball
3-2: Strikes out swinging
Pinch Hitting: RHB Jim Unknown 0-0: Foul Ball, location: 2F
0-1: Ball
1-1: Ball
2-1: Ball
3-1: Fly out, F8 (Flyball, 8LD)
Bottom of the 7th over - 0 run(s), 0 hit(s), 0 error(s), 1 left on base; Put-In-Bay 0 - Gwinnett County 0
TOP OF THE 8TH
Put-In-Bay BC batting - Pitching for Gwinnett County Black Cats : RHP Jorge Silverstro
Now at 1B: Jim Unknown
Now at 2B: Jim Unknown
Batting: LHB José Ortega 0-0: Fly out, F5 (Line Drive, 5S)
Batting: RHB Pil-joong Pak 0-0: Foul Ball, location: 2F
0-1: Ball
1-1: SINGLE (Line Drive, 6MD)
Batting: LHB Yannick Hendriksen 0-0: Ball
Pil-joong Pak steals 2nd base
1-0: Intentional Walk
Batting: RHB Pedro Pérez 0-0: Called Strike
0-1: Called Strike
0-2: Ball
1-2: Ball
2-2: Ball
3-2: Foul Ball, location: 2F
3-2: Strikes out looking
Batting: RHB Eddie Davis 0-0: Ball
1-0: Ball
2-0: Called Strike
2-1: Foul Ball, location: 2F
2-2: Fly out, F4 (Popup, 4)
Top of the 8th over - 0 run(s), 1 hit(s), 0 error(s), 2 left on base; Put-In-Bay 0 - Gwinnett County 0
BOTTOM OF THE 8TH
Gwinnett County Black Cats batting - Pitching for Put-In-Bay BC : RHP Jaime Venditti
Pitching: RHP Alfredo Hernández
Batting: RHB Daniel Ybarra 0-0: Ball
1-0: DOUBLE (Flyball, 89M)
Batting: SHB Jim Unknown 0-0: Intentional Walk
Batting: RHB Luis Dávila 0-0: Called Strike
0-1: Sac Bunt - play at first, batter safe!
Daniel Ybarra to third
Jim Unknown to second
Pinch Hitting: RHB Millard Lewis 0-0: Ball
1-0: Grounds into fielders choice 1-2 (Groundball, 13S)
Jim Unknown to third
Luis Dávila to second
Batting: RHB Jim Unknown 0-0: Called Strike
0-1: Ball
1-1: Ball
2-1: Ball
3-1: Called Strike
3-2: Base on Balls
Jim Unknown scores
Luis Dávila to third
Millard Lewis to second
Batting: SHB Chris Murray 0-0: Swinging Strike
0-1: Ball
1-1: Foul Ball, location: 2F
1-2: Ball
2-2: Strikes out looking
Batting: RHB Jim Unknown 0-0: Fly out, F8 (Flyball, 8LM)
Bottom of the 8th over - 1 run(s), 2 hit(s), 0 error(s), 3 left on base; Put-In-Bay 0 - Gwinnett County 1
TOP OF THE 9TH
Put-In-Bay BC batting - Pitching for Gwinnett County Black Cats : RHP Jorge Silverstro
Pitching: RHP Vicente Hernández
Now at 1B: Millard Lewis
Batting: RHB Jim Unknown 0-0: Ball
1-0: Ball
2-0: Ball
3-0: Base on Balls
Batting: LHB Felipe Martínez 0-0: Sac Bunt - play at first, batter OUT! 1-4
Jim Unknown to second
Batting: RHB Ken Little 0-0: Ball
1-0: Called Strike
1-1: Called Strike
1-2: Ball
2-2: Ball
3-2: Ground out 4-3 (Groundball, 4M)
Jim Unknown to third
Batting: RHB Tim Burnett 0-0: Foul Ball, location: 2F
0-1: Called Strike
0-2: Fly out, F8 (Flyball, 8RM)
Top of the 9th over - 0 run(s), 0 hit(s), 0 error(s), 1 left on base; Put-In-Bay 0 - Gwinnett County 1
This league is powered by Out of the Park Baseball, the baseball management simulation game for PC, Mac and Linux
Friday, October 23rd, 2015 - OOTP Baseball 16.9 Build 39